 Dungeon Crawl Stone Soup version 0.29.1-2-gbd0b4ee654 (webtiles) character file.

Game seed: 16390951533102330499

42 fantasyman the Cutter (level 3, -1/24 HPs)
             Began as a Kobold Berserker on Nov 13, 2022.
             Was a Believer of Trog.
             Slain by an adder (3 damage)
             ... on level 2 of the Dungeon.
             The game lasted 00:02:13 (1268 turns).

fantasyman the Cutter (Kobold Berserker)            Turns: 1268, Time: 00:02:14

Health: -1/24      AC:  3    Str: 14    XL:     3   Next: 77%
Magic:  3/3        EV: 15    Int:  8    God:    Trog [**....]
Gold:   30         SH:  0    Dex: 16    Spells: 2/2 levels left

rFire   . . .      SeeInvis .   a - +1 short sword
rCold   . . .      Faith    .   (no shield)
rNeg    . . .      Spirit   .   b - +0 animal skin
rPois   .          Reflect  .   f - +0 hat
rElec   .          Harm     .   c - +0 cloak
rCorr   .          Rampage  .   (no gloves)
Will    .....                   (no boots)
Stlth   +++.......              (no amulet)
HPRegen 0.08/turn               (no ring)
MPRegen 0.08/turn               (no ring)

@: lethally poisoned (-1 -> -5)
A: small, no large weapons, nightstalker 3
a: Renounce Religion, Berserk, Trog's Hand


You were on level 2 of the Dungeon.
You worshipped Trog.
Trog was pleased with you.
You visited 1 branch of the dungeon, and saw 2 of its levels.

You collected 30 gold pieces.

Inventory:

Hand Weapons
 a - a +1 short sword (weapon)
Armour
 b - a +0 animal skin (worn)
 c - a +0 cloak (worn)
 f - a +0 hat (worn)
Scrolls
 d - a scroll of noise
 h - a scroll of identify


   Skills:
 + Level 3.6 Fighting
 + Level 4.6 Short Blades
 + Level 1.7 Armour
 + Level 2.6 Dodging
 * Level 2.4 Stealth


You had 2 spell levels left.
You didn't know any spells.
Your spell library was empty.

Dungeon Overview and Level Annotations

Branches:
Dungeon (2/15)

Altars:
Xom


Innate Abilities, Weirdness & Mutations

You are small and have problems with some larger weapons.
You are completely attuned to the shadows.


Message History

An adder comes into view.
The adder hisses angrily.
An adder is nearby!
The adder bites you.
You are poisoned.
The adder poisons you!
You miss the adder.
You feel sick. The adder bites you.
You are more poisoned.
The adder poisons you!
You hit the adder.
The adder is lightly wounded.
You feel sick. The adder completely misses you.
You hit the adder.
The adder is lightly wounded.
You feel sick. The adder barely misses you. The adder bites you.
You are lethally poisoned!
The adder poisons you!
You are too injured to fight recklessly!
You are too injured to fight recklessly!
You barely miss the adder.
The adder is lightly wounded.
You feel very sick. The adder closely misses you.
You closely miss the adder.
The adder is lightly wounded.
* * * LOW HITPOINT WARNING * * *
You feel sick. The adder misses you.
* * * LOW HITPOINT WARNING * * *
You feel sick.
* * * LOW HITPOINT WARNING * * *
You feel sick.
You closely miss the adder.
The adder is lightly wounded.
* * * LOW HITPOINT WARNING * * *
You feel sick. The adder barely misses you.
You miss the adder.
The adder is lightly wounded.
* * * LOW HITPOINT WARNING * * *
You feel sick. The adder misses you. The adder bites you.
You die...

.. #.# #.# #.# #.#
##.###.#
##...##.######
#............####.
#....##.>.........
#@#.###)......<...
#S#.#..†..........
#.....##..........
#....................
..#......##.........#
....#..#.##.........#
##...##.# .._......
.......< ....##.


You could see an adder.

Vanquished Creatures
  An adder (D:2)
  6 endoplasms (D:1)
  A giant cockroach (D:2)
  3 goblins (D:1)
  A hobgoblin (D:1)
  2 kobolds
  3 quokkas
  7 ball pythons (D:1)
  A bat (D:1)
  A frilled lizard (D:1)
  5 rats
31 creatures vanquished.

Notes
Turn   | Place    | Note
-------+----------+-------------------------------------------
     0 | D:1      | fantasyman the Kobold Berserker began the quest for the
                  | Orb.
     0 | D:1      | Reached XP level 1. HP: 14/14 MP: 1/1
   234 | D:1      | Reached XP level 2. HP: 19/19 MP: 2/2
   326 | D:1      | Reached skill level 1 in Stealth
   556 | D:1      | Reached XP level 3. HP: 15/23 MP: 3/3
   682 | D:1      | Found a faded altar of an unknown god.
  1128 | D:2      | Found a shimmering altar of Xom.
  1139 | D:2      | Reached ** piety under Trog
  1268 | D:2      | Slain by an adder

Illustrated notes

Levels and vault maps discovered:
D:1:      dpeg_arrival_court, layout_basic, nicolae_ecumenical_snake_handling,
          minmay_distorted
D:2:      layout_loops_ring, basic_altar, minmay_worlds_worst_comb

Skill      XL: |  1  2  3 |
---------------+----------+-----
Stealth        | 1 2 |  2.4
Fighting       | |  3.6
Short Blades   | |  4.6
Armour         | |  1.7
Dodging        | |  2.6

Action                   || total
-------------------------++-------
Melee: Short sword       ||    91
  Use: Scroll            ||     2
       Potion            ||     2
 Stab: Sleeping          ||    13
Armor: Animal skin       ||    15
Dodge: Dodged            ||    61
